 Dungeon Crawl Stone Soup version 0.29-a0-344-ge2f44be95a (webtiles) character file.

Game seed: 2332874486986566605

144 Morbidden the Ruffian (level 5, -3/48 HPs)
             Began as a Troll Air Elementalist on Apr 21, 2022.
             Slain by an orc priest
             ... wielding a +0 hand axe
              (7 damage)
             ... on level 3 of the Dungeon.
             The game lasted 00:02:48 (2109 turns).

Morbidden the Ruffian (Troll Air Elementalist)      Turns: 2109, Time: 00:02:49

Health: -3/48      AC:  7    Str: 16    XL:     5   Next: 5%
Magic:  2/6        EV: 10    Int: 13    God:
Gold:   107        SH:  0    Dex: 10    Spells: 4/7 levels left

rFire   . . .      SeeInvis .     - Unarmed
rCold   . . .      Faith    .   (no shield)
rNeg    + . .      Spirit   .   a - +0 robe
rPois   .          Reflect  .   (helmet restricted)
rElec   .          Harm     .   j - +2 cloak
rCorr   .          Rampage  .   (gloves unavailable)
Will    .....                   (boots unavailable)
Stlth   +.........              (no amulet)
HPRegen 0.96/turn               g - ring of positive energy
MPRegen 0.10/turn               (no ring)

@: no status effects
A: large, unfitting armour, claws 3, regeneration 1, shaggy fur 1, tough skin 1
a: no special abilities


You were on level 3 of the Dungeon.
You visited 1 branch of the dungeon, and saw 3 of its levels.

You collected 107 gold pieces.

Inventory:

Missiles
 h - 5 boomerangs (quivered)
 o - a throwing net
Armour
 a - a +0 robe (worn)
 j - a +2 cloak (worn)
Jewellery
 g - a ring of positive energy (left claw)
Scrolls
 d - a scroll of acquirement {unknown}
 e - 3 scrolls of identify {unknown}
 f - a scroll of enchant armour {unknown}
 i - 2 scrolls of summoning {unknown}
 k - a scroll of magic mapping {unknown}
 m - a scroll of immolation {unknown}
Potions
 b - a potion of magic
 c - 4 potions of curing {unknown}
 l - a potion of might {unknown}
 n - 2 potions of attraction {unknown}


   Skills:
 * Level 1.2 Fighting
 + Level 1.9 Dodging
 + Level 1.1 Stealth
 * Level 2.4 Unarmed Combat
 * Level 1.7 Spellcasting
 * Level 1.2 Conjurations
 * Level 2.3 Air Magic


You had 4 spell levels left.
You knew the following spells:

 Your Spells              Type           Power      Damage    Failure   Level
a - Shock                 Conj/Air       20%        1d4       13%         1
b - Static Discharge      Conj/Air       5%         N/A       19%         2

Your spell library contained the following spells:

 Spells                   Type           Power      Damage    Failure   Level
 Swiftness                Air            7%         N/A       30%         3
 Airstrike                Air            3%         N/A       69%         4


Dungeon Overview and Level Annotations

Branches:
Dungeon (3/15)

Altars:
Makhleb
The Shining One


Innate Abilities, Weirdness & Mutations

You are too large for most types of armour.
You have claws for hands.
Your natural rate of healing is unusually fast.
You are covered in fur. (AC +1)
You have tough skin. (AC +1)


Message History

You claw the orc!
You kill the orc!
The orc priest hits you but does no damage.
You scratch the orc priest but do no damage.
The orc priest is heavily wounded.
The orc priest invokes the aid of Beogh against you.
Beogh smites you!
The teleport trap disappears.
The rat disappears!
The orc hits you with a +0 mace.
You closely miss the orc priest.
The orc priest is heavily wounded.
The orc priest invokes the aid of Beogh against you.
Beogh smites you! The orc hits you with a +0 mace.
You hear an angry hiss.
You are too injured to fight recklessly!
You are too injured to fight recklessly!
You are too injured to fight recklessly!
You claw the orc priest!
The orc priest is almost dead.
Unknown command.
You barely miss the orc priest.
The orc priest is almost dead.
An adder comes into view.
The orc priest calls down the wrath of Beogh upon you.
Beogh smites you!
* * * LOW HITPOINT WARNING * * *
The orc hits you with a +0 mace.
* * * LOW HITPOINT WARNING * * *
Unknown command.
You barely miss the orc priest.
The orc priest is almost dead.
The orc priest barely misses you. The orc hits you with a +0 mace.
* * * LOW HITPOINT WARNING * * *
Unknown command.
Unknown command.
Unknown command.
Unknown command.
You closely miss the orc priest.
The orc priest is almost dead.
The orc priest hits you with a +0 hand axe!
You die...

.# #.#........#
.# #...##...###
.# ##.####.####
.# #.# #....#
#.#######.#
#......##.#
#.####.##.#
#.####.##.#####
#.o@S.........#
##o###.##.###[#
#o #.##.# #.
#.##.# #.
#.##.# #.
.....# #.
#..### .. ...


You could see an orc priest, an adder and 2 orcs.

Vanquished Creatures
  Jessica (D:2)
  3 gnolls (D:3)
  3 adders
  2 worms (D:2)
  3 orcs
  3 ball pythons
  2 endoplasms
  2 giant cockroaches
  5 goblins
  5 hobgoblins
  7 kobolds
  4 quokkas
  7 bats
  3 frilled lizards
  3 rats
  A spectral goblin (D:2)
54 creatures vanquished.

Notes
Turn   | Place    | Note
-------+----------+-------------------------------------------
     0 | D:1      | Morbidden the Troll Air Elementalist began the quest for
                  | the Orb.
     0 | D:1      | Reached XP level 1. HP: 16/16 MP: 1/1
   134 | D:1      | Reached XP level 2. HP: 23/24 MP: 3/3
   273 | D:1      | Reached skill level 1 in Unarmed Combat
   520 | D:1      | Learned a level 2 spell: Static Discharge
   560 | D:2      | Reached XP level 3. HP: 31/31 MP: 1/4
   681 | D:2      | Found a faded altar of an unknown god.
   803 | D:2      | Noticed Jessica
   808 | D:2      | Killed Jessica
   905 | D:2      | Reached skill level 1 in Conjurations
   905 | D:2      | Reached XP level 4. HP: 39/40 MP: 0/5
  1776 | D:3      | Reached skill level 1 in Fighting
  1955 | D:3      | Found a burning altar of Makhleb.
  1955 | D:3      | Found a glowing golden altar of the Shining One.
  1999 | D:3      | Reached XP level 5. HP: 46/48 MP: 0/6
  2109 | D:3      | Slain by an orc priest

Illustrated notes

Levels and vault maps discovered:
D:1:      psy_arrival_whirlpool, layout_rooms, minmay_statues_item,
          chequers_avenue, st_stairs_7, serial_park_tiny_1, moated_statue
D:2:      layout_basic, dreamdust_ecumenical_altar_drowned_temple,
          kennysheep_generic_room_3, uniq_jessica
D:3:      layout_loops_ring, mainiacjoe_overflow_tiny_flanked,
          mainiacjoe_overflow_divided_tiny

Skill      XL: |  1  2  3  4 |
---------------+-------------+-----
Unarmed Combat | 1 2 |  2.4
Conjurations   | 1 |  1.2
Fighting       | 1 |  1.2
Dodging        | |  1.9
Stealth        | |  1.1
Spellcasting   | |  1.7
Air Magic      | |  2.3

Action                   |  1- 3 |  4- 6 || total
-------------------------+-------+-------++-------
Melee: Unarmed           |    96 |    47 ||   143
 Cast: Shock             |    22 |    46 ||    68
 Stab: Sleeping          |     1 |       ||     1
Armor: Robe              |    51 |    17 ||    68
Dodge: Dodged            |    69 |    25 ||    94

Table legend: (Time is in decaauts)
 A = Elapsed time spent in this place.
 B = Non-inter-level travel time spent in this place.
 C = Inter-level travel time spent in this place.
 D = Time resting spent in this place.
 E = Time spent auto-exploring this place.
 F = Levels seen in this place.
 G = Mean time per level.
                   A        B        C        D        E       F      G
               +--------+--------+--------+--------+--------+-----+--------+
         Total |   2112 |   2064 |     48 |    144 |   1463 |   3 |  704.0 |
       Dungeon |   2112 |   2064 |     48 |    144 |   1463 |   3 |  704.0 |
               +--------+--------+--------+--------+--------+-----+--------+

Top non-repeatable levels by time:
     D:2: 1122 daAuts
     D:1: 547 daAuts
     D:3: 442 daAuts
